 Dungeon Crawl Stone Soup version 0.24.0-13-gcf9b319 (webtiles) character file.

Game seed: 13628718408585170740, levelgen mode: deterministic

23 Bronimir the Firebug (level 2, -9/20 HPs)
             Began as a Demonspawn Fire Elementalist on Apr 19, 2020.
             Killed by nerve-wracking pain
             ... invoked by an orc priest
              (14 damage)
             ... on level 2 of the Dungeon.
             The game lasted 00:03:47 (1275 turns).

Bronimir the Firebug (Demonspawn Fire Elementalist) Turns: 1275, Time: 00:03:48

Health: -9/20      AC:  4    Str:  8    XL:     2   Next: 72%
Magic:  0/5        EV: 12    Int: 16    God:
Gold:   40         SH:  0    Dex: 13    Spells: 2/5 levels left

rFire    . . .     SeeInvis .   a - +5 short sword
rCold    . . .     Gourm    .   (no shield)
rNeg     . . .     Faith    .   l - +0 robe
rPois    .         Spirit   .   (no helmet)
rElec    .         Reflect  .   (no cloak)
rCorr    .         Harm     .   (no gloves)
MR       .....                  (no boots)
Stlth    ++........             (no amulet)
HPRegen  0.06/turn              (no ring)
MPRegen  0.09/turn              (no ring)

@: very slightly contaminated
A: thin metallic scales 1
a: no special abilities


You were on level 2 of the Dungeon.
You were hungry.

You visited 1 branch of the dungeon, and saw 2 of its levels.

You collected 40 gold pieces.

Inventory:

Hand Weapons
 a - a +5 short sword (weapon)
 d - a +0 club
 g - a +0 short sword of holy wrath
Missiles
 i - 22 stones (quivered)
 j - 22 bolts
Armour
 e - a +0 ring mail
 l - a +0 robe (worn)
Jewellery
 b - a cursed +3 ring of intelligence {unknown}
Scrolls
 h - a scroll of random uselessness {unknown}
 m - a scroll of magic mapping {unknown}
 n - a scroll of amnesia {unknown}
 o - a scroll of identify {unknown}
Potions
 f - a potion of lignification {unknown}
 k - a potion of heal wounds {unknown}
Comestibles
 c - 4 rations


   Skills:
 * Level 0.3 Fighting
 + Level 0.1 Maces & Flails
 * Level 0.6 Armour
 + Level 1.7 Dodging
 - Level 1.7 Stealth
 * Level 2.2 Spellcasting
 * Level 1.2 Conjurations
 * Level 3.1 Fire Magic


You had 2 spell levels left.
You knew the following spells:

 Your Spells              Type           Power        Failure   Level  Hunger
a - Flame Tongue          Conj/Fire      #....        9%          1    #......
b - Throw Flame           Conj/Fire      #.....       12%         2    ###....

Your spell library contained the following spells:

 Spells                   Type           Power        Failure   Level  Hunger
 Conjure Flame            Conj/Fire      #.......     24%         3    ###....
 Inner Flame              Hex/Fire       #.......     32%         3    ###....
 Sticky Flame             Conj/Fire      #.......     63%         4    #####..
 Fireball                 Conj/Fire      #.........   92%         5    ######.


Dungeon Overview and Level Annotations

Branches:
Dungeon (2/15)

Altars:


Innate Abilities, Weirdness & Mutations

You are partially covered in thin metallic scales. (AC +2)


Message History

Press: ? - help, Shift-Dir - straight line, f/p - orc
Aim: an orc, wielding a +0 club (severely wounded)
The flame tongue hits the orc!
You kill the orc!
The orc priest calls down the wrath of Beogh upon you.
Beogh smites you!
Ouch! That really hurt!
* * * LOW HITPOINT WARNING * * *
You hear a shout! x2
Casting: Flame Tongue (safe; 9% risk of failure)
Confirm with . or Enter, or press ? or * to list all spells.
Aiming: Flame Tongue (safe; 9% risk of failure)
Press: ? - help, Shift-Dir - straight line, f - orc priest
Aim: an orc priest, wielding a +0 war axe of venom The flame tongue hits the orc priest!
The orc priest is heavily wounded.
The orc priest mumbles some strange prayers to Beogh against you.
Pain shoots through your body!
Ouch! That really hurt!
You die...

#.. #.. #..#
... ...... ..
.....g
#o##..%...
#o)#......
#@#...%..
#.#....(. #..#
##.## # . #.)#
.#
..#####'####.#
.............#
.............#
.............#
####


You could see an orc priest and an orc.

Vanquished Creatures
  An orc (D:2)
  2 giant cockroaches (D:1)
  A hobgoblin (D:1)
  A ball python (D:1)
  6 bats (D:1)
  A frilled lizard (D:1)
  A goblin (D:1)
  8 kobolds
  2 rats (D:1)
23 creatures vanquished.

Notes
Turn   | Place    | Note
-------+----------+-------------------------------------------
     0 | D:1      | Bronimir the Demonspawn Fire Elementalist began the quest
                  | for the Orb.
     0 | D:1      | Reached XP level 1. HP: 13/13 MP: 3/3
   587 | D:1      | Reached skill level 3 in Fire Magic
   587 | D:1      | Gained mutation: You are partially covered in thin metallic
                  | scales. (AC +2) [demonic ancestry]
   587 | D:1      | Reached XP level 2. HP: 19/19 MP: 3/5
   942 | D:1      | Learned a level 2 spell: Throw Flame
  1275 | D:2      | Killed from afar by an orc priest

Levels and vault maps discovered:
D:1:      dpeg_arrival_rooms_with_view, layout_basic, minmay_split_cup_large
D:2:      layout_basic, fedhas_altar_1, minmay_circle_x

Skill      XL: |  1 |
---------------+----+-----
Fire Magic     | 3 |  3.1
Fighting       | |  0.3
Maces & Flails | |  0.1
Armour         | |  0.6
Dodging        | |  1.7
Stealth        | |  1.7
Spellcasting   | |  2.2
Conjurations   | |  1.2

Action                   || total
-------------------------++-------
Melee: Club              ||    30
       Short sword       ||     8
 Cast: Flame Tongue      ||    32
 Stab: Sleeping          ||     1
  Eat: Chunk             ||     1
Armor: Robe              ||    34
Dodge: Dodged            ||    96
